 Dungeon Crawl Stone Soup version 0.31-a0-934-gf4fcaacff8 (webtiles) character file.

Game seed: 15960568004456803571

1283 Morbidden the Conjurer (level 8, -5/66 HPs)
             Began as a Deep Elf Conjurer on Oct 20, 2023.
             Was an Initiate of Cheibriados.
             Killed from afar by a white imp (7 damage)
             ... with a puff of frost
             ... on level 6 of the Dungeon.
             The game lasted 00:08:59 (6863 turns).

Morbidden the Conjurer (Deep Elf Conjurer)          Turns: 6863, Time: 00:08:59

Health: -5/66      AC: 24    Str:  5    XL:     8   Next: 29%
Magic:  2/20       EV:  2    Int: 27    God:    Cheibriados [......]
Gold:   1240       SH:  0    Dex: 14    Spells: 10/20 levels left

rFire   + + .        t - +11 hammer of the Lusting Viper {pain, rF+ Will+}
rCold   . . .        (no shield)
rNeg    . . .        b - melded +0 robe
rPois   +            w - melded +0 helmet
rElec   .            s - melded +2 cloak
rCorr   .            (gloves currently unavailable)
SInv    .            (boots currently unavailable)
Will    ++...        (no amulet)
Stlth   ++           e - ring of willpower
HPRegen 0.31/turn    r - ring of protection from fire
MPRegen 0.17/turn

%: no passive effects
@: lethally poisoned (-5 -> -16), tree-form, very slightly contaminated, very
slow
A: stationary, stasis, torment immunity, boosted hp
a: Renounce Religion


You were on level 6 of the Dungeon.
You worshipped Cheibriados.
Cheibriados was noncommittal.
You were a tree.
You visited 1 branch of the dungeon, and saw 6 of its levels.
You also visited: Sewer.

You collected 1240 gold pieces.

Inventory:

Hand Weapons
 a - a +0 demon blade of freezing
 t - the +11 hammer of the Lusting Viper (weapon) {pain, rF+ Will+}
   (You found it on level 3 of the Dungeon)

   rF+:       It protects you from fire.
   Will+:     It increases your willpower.
Missiles
 l - a throwing net
Armour
 b - a +0 robe (melded)
 f - a scarf of resistance
 s - a +2 cloak (melded)
 w - a +0 helmet (melded)
Jewellery
 e - a ring of willpower (left branch)
 q - a ring of resist corrosion
 r - a ring of protection from fire (right branch)
 y - a ring of ice
Talismans
 d - a beast talisman
 i - a flux talisman
Wands
 u - a wand of iceblast (6)
 B - a wand of polymorph (10)
Scrolls
 c - a scroll of poison {unknown}
 g - 2 scrolls of identify {unknown}
 j - 2 scrolls of immolation {unknown}
 k - a scroll of teleportation
 m - a scroll of brand weapon {unknown}
 v - 2 scrolls of fear {unknown}
 x - a scroll of enchant weapon {unknown}
Potions
 h - a potion of invisibility {unknown}
 n - a potion of mutation {unknown}
 o - a potion of heal wounds {unknown}
 p - a potion of lignification
 z - 2 potions of curing {unknown}
 A - a potion of resistance {unknown}


   Skills:
 * Level 2.3 Fighting
 + Level 1.5 Long Blades
 + Level 1.5 Maces & Flails
 * Level 4.2 Dodging
 + Level 3.3 Stealth
 * Level 6.9 Spellcasting
 * Level 7.2 Conjurations
 * Level 3.3 Necromancy
 * Level 0.5 Translocations
 * Level 0.6 Invocations
 * Level 2.4 Shapeshifting


You had 10 spell levels left.
You knew the following spells:

 Your Spells              Type           Power      Damage    Failure   Level
a - Magic Dart            Conj           100%       1d8       1%          1
b - Searing Ray           Conj           96%        2d7       1%          2
x - Vampiric Draining     Necr           27%        2d7       4%          3
z - Iskenderun's Mystic   Conj/Tloc      30%        2d8       12%         4

Your spell library contained the following spells:

 Spells                   Type           Power      Damage    Failure   Level
 Necrotise                Necr           100%       1d9       1%          1
 Momentum Strike          Conj/Tloc      60%        3d9       1%          2
 Dazzling Flash           Conj/Hex       56%        N/A       4%          3
 Blink                    Tloc           24%        N/A       7%          2
 Lesser Beckoning         Tloc           24%        N/A       7%          2
 Fulminant Prism          Conj/Hex       14%        3d9       13%         4
 Agony                    Necr           27%        N/A       38%         5
 Summon Forest            Summ/Tloc      5%         N/A       82%         5
 Summon Mana Viper        Hex/Summ       9%         N/A       86%         5
 Summon Cactus Giant      Summ           4%         N/A       100%        6


Dungeon Overview and Level Annotations

Branches:
Dungeon (6/15)              Sewer (visited)
 Temple: D:4-7

Altars:
Cheibriados
Kikubaaqudgha
Nemelex Xobeh
Qazlal
Zin
The Shining One

Shops:
D:3 (

Annotations:
D:6 Eustachio


Message History

Nothing appears to happen.
You feel very sick. The adder barely misses you. The iguana barely misses you.
The orc misses you. The white imp gestures at you. The puff of frost hits you!
* * * LOW HITPOINT WARNING * * *
The orc hits you but does no damage.
Unknown command.
Unknown command.
Unknown command.
Unknown command.
Casting: Vampiric Draining (dangerous; 4% risk of failure)
Confirm with . or Enter, or press ? or * to list all spells.
Aiming: Vampiric Draining (dangerous; 4% risk of failure)
Press: ? - help, Shift-Dir - straight line, f/p - iguana
Aim: an iguana (almost dead)
You draw life force from the iguana!
You kill the iguana!
Cheibriados appreciates the change of pace.
You feel life coursing into your body.
* * * LOW HITPOINT WARNING * * *
You feel very sick. The adder barely misses you. The orc barely misses you.
The orc hits you with a +0 hand axe.
* * * LOW HITPOINT WARNING * * *
The white imp closely misses you.
Unknown command.
Unknown command.
Unknown command.
Unknown command.
It was a potion of lignification.
You turn into a tree.
Your +2 cloak melds into your body.
Your +0 helmet melds into your body.
Your +0 robe melds into your body.
Your roots penetrate the ground.
* * * LOW HITPOINT WARNING * * *
You feel very sick.
The adder bites you but does no damage. x2
The orc hits you but does no damage. The white imp gestures at you.
The puff of frost hits you!
You die...

#.... ... ....
..[.##..##... ##
.....@.....#
#..#..........##
##
......##.....#...
#.............
##..oo5.....#
#....♣S.†...#
#.....†.....#
##....##......$
#.........##....
#....##..## ...
.......... #.
...##...... ....
#..#...


You could see Eustachio, an adder, a white imp and 2 orcs.

Vanquished Creatures
  A water moccasin (D:6)
  A phantom (D:5)
  A bullfrog (D:5)
  A necrophage (D:4)
  2 scorpions
  A wight (D:4)
  A hound (D:5)
  A human zombie (D:4)
  Crazy Yiuf (D:3)
  3 iguanas
  A sleepcap (D:5)
  Terence (D:2)
  3 scorpion zombies (D:4)
  Natasha (thrice) (D:4)
  2 orc wizards
  2 hound zombies (D:4)
  2 mummies (D:4)
  5 gnolls (D:5)
  10 adders
  8 river rats
  A white imp (D:4)
  An adder zombie (D:4)
  4 worms
  5 dart slugs
  12 orcs
  8 ball pythons
  9 endoplasms
  2 giant cockroaches
  7 goblins
  4 hobgoblins
  6 jackals
  4 quokkas
  2 bats
  7 frilled lizards
  9 kobolds
  10 rats
141 creatures vanquished.

Notes
Turn   | Place    | Note
-------+----------+-------------------------------------------
     0 | D:1      | Morbidden the Deep Elf Conjurer began the quest for the
                  | Orb.
     0 | D:1      | Reached XP level 1. HP: 10/10 MP: 6/6
   172 | D:1      | Reached XP level 2. HP: 15/15 MP: 1/8
   500 | D:1      | Found a faded altar of an unknown god.
  1056 | D:2      | Reached skill level 5 in Conjurations
  1120 | D:2      | Reached XP level 3. HP: 20/20 MP: 8/10
  1167 | D:2      | Noticed Terence
  1182 | D:2      | Killed Terence
  1186 | D:2      | Learned a level 2 spell: Searing Ray
  1213 | D:2      | Found a glowing golden altar of the Shining One.
  1241 | D:2      | Learned a level 3 spell: Vampiric Draining
  1516 | D:2      | Reached XP level 4. HP: 24/24 MP: 5/11
  2003 | D:3      | Identified 2 scrolls of acquirement
  2003 | D:3      | Acquired a +0 demon blade of freezing
  2005 | D:3      | Acquired 1038 gold pieces
  2067 | D:3      | Found Ygareus's Antique Weapon Shoppe.
  2165 | D:3      | Found a glowing golden altar of the Shining One.
  2214 | D:3      | Reached skill level 1 in Fighting
  2214 | D:3      | Reached XP level 5. HP: 24/29 MP: 6/13
  2226 | D:3      | Found a glowing drain.
  2235 | Sewer    | Entered a sewer
  2567 | Sewer    | Reached skill level 1 in Long Blades
  2713 | Sewer    | Reached skill level 6 in Conjurations
  2713 | Sewer    | Reached skill level 1 in Necromancy
  2848 | Sewer    | Reached XP level 6. HP: 34/34 MP: 10/15
  3220 | D:3      | Found a runed translucent door.
  3221 | D:3      | Noticed Crazy Yiuf
  3826 | D:3      | Killed Crazy Yiuf
  3827 | D:3      | Reached skill level 5 in Spellcasting
  3903 | D:3      | Identified the +11 hammer of the Lusting Viper {pain, rF+
                  | Will+}
  4165 | D:4      | Reached skill level 1 in Shapeshifting
  4540 | D:4      | Found a glowing silver altar of Zin.
  4546 | D:4      | Noticed Natasha
  4548 | D:4      | Killed Natasha
  4972 | D:4      | Reached XP level 7. HP: 20/38 MP: 8/17
  5034 | D:4      | Noticed Natasha
  5036 | D:4      | Killed Natasha
  5087 | D:4      | Found an ancient bone altar of Kikubaaqudgha.
  5514 | D:4      | Noticed Natasha
  5517 | D:4      | Killed Natasha
  5637 | D:4      | Reached skill level 1 in Maces & Flails
  5736 | D:5      | Entered Level 5 of the Dungeon
  5923 | D:5      | Found a stormy altar of Qazlal.
  6119 | D:5      | Reached XP level 8. HP: 41/44 MP: 16/19
  6257 | D:5      | Found a sparkling altar of Nemelex Xobeh.
  6294 | D:5      | Found a snail-covered altar of Cheibriados.
  6301 | D:5      | Became a worshipper of Cheibriados the Contemplative
  6312 | D:5      | Learned a level 4 spell: Iskenderun's Mystic Blast
  6434 | D:5      | Reached skill level 7 in Conjurations
  6852 | D:6      | Noticed Eustachio
  6863 | D:6      | HP: 2/66 [poisoned by an adder]
  6863 | D:6      | Killed from afar by a white imp

Illustrated notes

Levels and vault maps discovered:
D:1:      dpeg_arrival_shelter, layout_loops_cross,
          hellmonk_ecumenical_altar_arch_garden, corexii_corridor_pit
D:2:      layout_basic, basic_altar, uniq_terence
D:3:      layout_loops_corners, mainiacjoe_overflow_brackets, serial_shops,
          nicolae_shop_tiny_waterfront, lightli_sewer_entry_pipes,
          uniq_crazy_yiuf_cottage
D:4:      layout_basic, lemuel_mausoleum_altar_kikubaaqudgha, zin_scriptorium,
          uniq_natasha
D:5:      nicolae_BIG_FREAKIN_CUBE, layout_loops_cross,
          mainiacjoe_overflow_tiny_flanked, grunt_qazlal_clouds,
          nemelex_spade_bored_becter
D:6:      layout_cave_pools, lemuel_temple_firewalk_b, serial_rivers,
          chequers_serial_rivers_micro_e, chequers_serial_rivers_small_b,
          chequers_serial_rivers_micro_c, chequers_serial_rivers_room_b,
          grunt_decor_cap, serial_bayou_lake_a, uniq_eustachio

Skill      XL: |  1  2  3  4  5  6  7  8 |
---------------+-------------------------+-----
Conjurations   | 5 6 7 |  7.2
Spellcasting   | 4 5 6 |  6.9
Fighting       | 1 2 |  2.3
Long Blades    | 1 |  1.5
Necromancy     | 1 2 3 |  3.3
Dodging        | 3 4 |  4.2
Shapeshifting  | 1 2 |  2.4
Stealth        | 3 |  3.3
Maces & Flails | 1 |  1.5
Translocations | |  0.5
Invocations    | |  0.6

Action                     |  1- 3 |  4- 6 |  7- 9 || total
---------------------------+-------+-------+-------++-------
  Melee: Demon blade       |       |    24 |       ||    24
         Mace              |       |    25 |    20 ||    45
         Punch             |       |     1 |       ||     1
   Cast: Magic Dart        |    83 |   114 |    48 ||   245
         Searing Ray       |       |    12 |    24 ||    36
         Vampiric Draining |       |     2 |     4 ||     6
    Use: Potion            |     1 |     1 |     2 ||     4
         Scroll            |       |     7 |     1 ||     8
   Stab: Sleeping          |       |     1 |       ||     1
 Armour: Robe              |     6 |    51 |    54 ||   111
         Skin              |       |       |     4 ||     4
  Dodge: Dodged            |     8 |    67 |    45 ||   120

Table legend: (Time is in decaauts)
 A = Elapsed time spent in this place.
 B = Non-inter-level travel time spent in this place.
 C = Inter-level travel time spent in this place.
 D = Time resting spent in this place.
 E = Time spent auto-exploring this place.
 F = Levels seen in this place.
 G = Mean time per level.
                   A        B        C        D        E       F      G
               +--------+--------+--------+--------+--------+-----+--------+
         Total |   7015 |   6652 |    363 |    267 |   5357 |   7 | 1002.1 |
       Dungeon |   6332 |   5969 |    363 |    267 |   4785 |   6 | 1055.3 |
         Sewer |    682 |    682 |      0 |      0 |    572 |   1 |  682.0 |
               +--------+--------+--------+--------+--------+-----+--------+

Top non-repeatable levels by time:
     D:4: 1664 daAuts
     D:3: 1449 daAuts
     D:5: 1205 daAuts
     D:1: 1020 daAuts
     D:2: 975 daAuts
   Sewer: 682 daAuts
     D:6: 16 daAuts
